Map: Lock & Load

Players

YZFRACTUREDF

  • Race: Terran Terran

Odin

  • Race: Protoss Protoss
  • League: Gold
  • Spawn Location: 6:00

VOD

Have the link to the VOD?

Description

Time

  • Played on: Dec. 6, 2018, 9:38 p.m.
  • Length: 22:44
Show
View Real Time Build Order
Export as new Build Order

YZFRACTUREDF Terran 

Build Orders:  

Get SALT Encoding   

  12  0:03  SCV  
  13  0:20  SCV  
  14  0:36  Engineering Bay  
  14  0:37  SCV  
  15  0:54  SCV  
  16  1:11  SCV  
  17  1:27  Auto-Turret  
  17  1:28  SCV  
  18  1:45  SCV  
  19  1:59  Command Center  
  19  2:02  SCV  
  20  2:11  Refinery  
  20  2:19  SCV  
  21  2:20  Refinery  
  21  2:36  SCV  
  22  2:42  Gunslingers Hideout  
  22  2:53  SCV  
  23  3:01  Tychus  
  23  3:10  SCV  
  24  3:27  SCV  
  25  3:43  Refinery  
  25  3:44  SCV  
  26  3:59  Command Center  
  26  4:02  James Sirius Sykes  
  36  4:19  Refinery  
  36  4:35  SCV  
  36  4:38  SCV  
  38  4:43  ITC-E Triggers  
  38  4:52  SCV  
  38  4:53  Engineering Bay  
  38  4:55  SCV  
  40  5:02  Muscle Armory  
  40  5:09  SCV  
  41  5:15  Fixers Safehouse  
  41  5:25  SCV  
  41  5:26  SCV  
  43  5:34  Outlaw Weapons Level 1  
  43  5:42  SCV  
  43  5:43  SCV  
  45  5:59  SCV  
  46  6:00  SCV  
  47  6:13  Flashforce GDM Visor  
  47  6:16  SCV  
  47  6:17  SCV  
  49  6:33  SCV  
  49  6:34  SCV  
  51  6:50  SCV  
  51  6:51  SCV  
  53  7:07  SCV  
  53  7:08  SCV  
  55  7:17  Lt Layna Nikara  
  65  7:28  SCV x2  
  67  7:45  SCV x2  
  67  7:46  Endurance Supplements  
  69  7:54  Outlaw Life and Armor Level 1  
  69  8:02  SCV x2  
  69  8:05  Auto-Turret  
  71  8:32  Auto-Turret  
  71  8:54  Medivac Platform  
  71  8:59  Auto-Turret  
  71  9:07  Procyon Twin Heal Beam Gauntlet  
  71  9:16  Outlaw Weapons Level 2  
  71  9:32  Procyon Serum  
  71  9:55  Medivac Platform  
  71  10:03  Kel-Morian Ripper Rounds  
  71  12:12  Outlaw Life and Armor Level 2, Outlaw Weapons Level 3  
  71  12:24  Miles Blaze Lewis  
  71  12:29  D99 Detonator  
  81  12:31  Moebius M34 Terror Rounds  
  81  12:42  Wildflame Fuel Additives  
  81  14:20  Vanadium Shell  
  81  14:21  KD9a Implosion Core  
  81  14:22  SureShot Networked Helmet  
  81  15:04  Outlaw Weapons Level 4, Outlaw Life and Armor Level 3  
  81  15:28  Nux  
  91  16:14  Hades Oil  
  91  17:36  High Capacity Containers  
  91  17:37  XCMC-670 Combat Suit  
  91  19:22  Outlaw Life and Armor Level 4, Outlaw Weapons Level 5  
  91  19:27  SA-55 Thunderbolt Missiles  
  91  19:37  Ultrasonic Boosters  
  91  19:39  Crystalline Amplifiers  
  91  19:41  T4 Cloudburst Shells  
  91  20:43  N3 Networking  
  91  22:14  Umojan Repair Nanites  
  91  22:15  XM-77 Matrix Generator  
Show
View Real Time Build Order
Export as new Build Order

Odin Protoss 

Build Orders:  

Get SALT Encoding   

  12  0:13  Probe (Chrono Boost)  
  13  0:35  Probe (Chrono Boost)  
  14  0:44  Gateway  
  14  0:48  Probe (Chrono Boost)  
  15  1:11  Pylon  
  15  1:16  Probe (Chrono Boost)  
  15  1:18  Assimilator  
  16  1:20  Assimilator  
  16  1:34  Probe (Chrono Boost)  
  17  1:46  Probe (Chrono Boost)  
  18  2:03  Probe (Chrono Boost)  
  19  2:35  Gateway  
  19  2:37  Cybernetics Core  
  19  2:41  Cybernetics Core  
  19  2:48  Probe (Chrono Boost)  
  20  3:07  Probe (Chrono Boost)  
  21  3:31  Zealot  
  21  3:38  Probe (Chrono Boost)  
  24  3:46  Stargate  
  24  3:51  Stargate  
  24  3:57  Probe (Chrono Boost)  
  25  4:14  Probe (Chrono Boost)  
  26  4:36  Probe (Chrono Boost)  
  26  4:38  Nexus  
  27  4:52  Fleet Beacon  
  27  4:58  Probe (Chrono Boost)  
  28  5:10  Probe (Chrono Boost)  
  29  5:22  Probe (Chrono Boost)  
  30  5:33  Twilight Council  
  30  5:44  Robotics Facility  
  30  5:48  Gateway  
  30  5:52  Gateway  
  30  6:15  Tempest  
  34  7:00  Observer  
  34  7:08  Probe x2 (Chrono Boost)  
  37  7:20  Probe (Chrono Boost)  
  37  7:21  Probe (Chrono Boost)  
  37  7:23  Tempest  
  43  7:33  Probe x2 (Chrono Boost)  
  45  7:40  Assimilator  
  45  7:45  Probe x2 (Chrono Boost)  
  45  7:47  Assimilator  
  47  7:54  Zealot  
  47  7:55  Zealot x2  
  47  7:57  Probe x2 (Chrono Boost)  
  55  8:19  Probe x2 (Chrono Boost)  
  57  8:31  Probe (Chrono Boost)  
  57  8:32  Probe (Chrono Boost)  
  59  8:43  Probe (Chrono Boost)  
  59  8:44  Probe (Chrono Boost)  
  59  8:48  Tempest  
  65  8:55  Tempest  
  65  8:56  Probe x2 (Chrono Boost)  
  71  9:04  Charge  
  71  9:08  Probe (Chrono Boost)  
  72  9:26  Probe (Chrono Boost)  
  72  9:27  Probe (Chrono Boost)  
  74  9:36  Forge  
  74  9:39  Probe x2 (Chrono Boost)  
  76  9:40  Forge  
  76  9:42  Forge  
  76  9:48  Gateway  
  76  9:54  Cybernetics Core  
  76  10:07  Gateway  
  76  10:16  Pylon  
  76  10:35  Whirlwind  
  76  10:37  Disintegration  
  72  12:07  Tempest  
  72  12:08  Tempest  
  80  12:10  Tempest x4  
  96  12:33  Gateway  
  96  12:38  Gateway  
  96  12:43  Gateway x2  
  96  12:49  Protoss Ground Weapons Level 1, Protoss Shields Level 1, Protoss Ground Armor Level 1  
  90  13:25  Pylon  
  88  14:01  Photon Cannon  
  88  14:05  Photon Cannon  
  88  14:08  Photon Cannon  
  88  14:12  Photon Cannon  
  88  14:15  Photon Cannon  
  88  14:18  Photon Cannon  
  88  14:22  Tempest x3  
  88  14:29  Protoss Air Armor Level 1  
  100  14:30  Observer  
  100  14:32  Protoss Air Weapons Level 1  
  100  15:19  Robotics Bay  
  100  15:37  Photon Cannon  
  100  15:43  Photon Cannon  
  100  15:47  Photon Cannon  
  100  15:49  Photon Cannon  
  100  16:04  Tempest  
  100  16:05  Tempest  
  108  16:10  Zealot x4  
  108  16:11  Zealot x8  
  108  16:12  Zealot x4  
  140  16:29  Protoss Ground Weapons Level 2, Protoss Ground Armor Level 2  
  109  17:56  Zealot  
  109  18:06  Tempest x3  
  121  18:45  Gravitic Boosters  
  121  18:51  Observer  
  122  19:11  Zealot x2  
  122  19:12  Zealot x7  
  122  19:13  Zealot x7  
  122  19:17  Protoss Shields Level 2  
  122  19:19  Protoss Air Weapons Level 2, Protoss Air Armor Level 2  
  152  19:44  Zealot  
  154  20:49  Tempest  
  156  22:21  Zealot x4  
  156  22:22  Zealot x5  
  156  22:23  Zealot x5  
  156  22:24  Zealot  
  156  22:27  Zealot x2  
  156  22:28  Zealot x5  
Tags
 
Commander
ArtanisTychus
League
Gold
Matchup
Co-op
Add a new tag
Caveats
  • Supply blocks, unpowered buildings, or Contaminate may cause inaccurate times.
  • Supply counts are checked every 10 seconds.